 Dungeon Crawl Stone Soup version 0.27-a0-1579-g97d2440184 (webtiles) character file.

Game seed: 17044028431083638984

19 freelancePsychic the Skirmisher (level 2, 0/24 HPs)
             Began as a Demonspawn Berserker on July 18, 2021.
             Was a Believer of Trog.
             Hit by a stone thrown by a kobold (2 damage)
             ... on level 1 of the Dungeon.
             The game lasted 00:00:57 (407 turns).

freelancePsychic the Skirmisher (DsBe)               Turns: 407, Time: 00:00:58

Health: 0/24       AC:  2    Str: 17    XL:     2   Next: 55%
Magic:  2/2        EV: 12    Int:  8    God:    Trog [**....]
Gold:   63         SH:  0    Dex: 12    Spells: 1/1 levels left

rFire    . . .     SeeInvis .   a - +0 short sword
rCold    . . .     Faith    .   (no shield)
rNeg     . . .     Spirit   .   b - +0 animal skin
rPois    .         Reflect  .   (helmet restricted)
rElec    .         Harm     .   (no cloak)
rCorr    .         Rampage  .   (no gloves)
Will     .....                  (no boots)
Stlth    +.........             (no amulet)
HPRegen  0.08/turn              (no ring)
MPRegen  0.08/turn              (no ring)

@: on berserk cooldown
A: antennae 1
a: Renounce Religion, Berserk, Trog's Hand


You were on level 1 of the Dungeon.
You worshipped Trog.
Trog was pleased with you.
You visited 1 branch of the dungeon, and saw 1 of its levels.

You collected 63 gold pieces.

Inventory:

Hand Weapons
 a - a +0 short sword (weapon)
Armour
 b - a +0 animal skin (worn)
Scrolls
 c - a scroll of identify {unknown}


   Skills:
 + Level 3.3 Fighting
 - Level 2.6 Short Blades
 + Level 2.2 Armour
 + Level 2.2 Dodging


You had one spell level left.
You didn't know any spells.
Your spell library was empty.

Dungeon Overview and Level Annotations

Branches:
Dungeon (1/15)

Altars:


Innate Abilities, Weirdness & Mutations

You have a pair of small antennae on your head.


Message History

Things that are here:
a +0 dagger; a kobold corpse The bat closely misses you.
The bat barely misses you. The bat hits you but does no damage.
Found 14 stones.
The bat closely misses you. The bat barely misses you.
You barely miss the bat. The bat hits you. The bat barely misses you.
The bat barely misses you. The bat hits you but does no damage.
The bat closely misses you.
You miss the bat.
You feel yourself speed up. The bat barely misses you.
The bat closely misses you. The bat hits you but does no damage.
A kobold comes into view. It is wielding a +0 club.
The bat barely misses you.
The kobold shouts!
You hit the bat but do no damage.
You hear a shout!
The bat barely misses you.
The kobold throws a stone.
The stone hits you.
* * * LOW HITPOINT WARNING * * *
You barely miss the bat. The bat barely misses you.
The bat hits you but does no damage.
You hit the bat but do no damage. The bat closely misses you.
The kobold throws a stone.
The stone hits you.
* * * LOW HITPOINT WARNING * * *
The bat hits you but does no damage.
You miss the bat. The bat hits you.
* * * LOW HITPOINT WARNING * * *
The bat hits you but does no damage.
You hit the bat but do no damage. The bat misses you.
The bat barely misses you. The bat hits you but does no damage.
The kobold throws a stone.
The stone hits you.
* * * LOW HITPOINT WARNING * * *
The bat misses you.
You closely miss the bat. The bat misses you.
The kobold throws a stone.
The stone barely misses you. The bat hits you.
* * * LOW HITPOINT WARNING * * *
You miss the bat. The bat hits you.
* * * LOW HITPOINT WARNING * * *
The kobold throws a stone.
The stone hits you.
You die...

#.#.# #.#.# #+###.#.###
...##.....# ### #
...'....#.# ..#.#
#).######.####.#.# †#.##
#.#.....)#
†≈†.#####.#.)..#####.###
≈.≈#.....().†...@bg.....
.≈..#.###.####K#####..##
≈...#.# #......# ≈...#.#
######.# ≈...#.# #.#
.≈..#.# #(. ≈≈≈#.#. #..
..#.##. #. .#.##


You could see a goblin, a bat and a kobold.

Vanquished Creatures
  A bat (D:1)
  An endoplasm (D:1)
  3 giant cockroaches (D:1)
  3 hobgoblins (D:1)
  A kobold (D:1)
  A quokka (D:1)
  A ball python (D:1)
  2 frilled lizards (D:1)
  2 goblins (D:1)
  3 rats (D:1)
18 creatures vanquished.

Notes
Turn   | Place    | Note
-------+----------+-------------------------------------------
     0 | D:1      | freelancePsychic the Demonspawn Berserker began the quest
                  | for the Orb.
     0 | D:1      | Reached XP level 1. HP: 18/18 MP: 1/1
   193 | D:1      | Gained mutation: You have a pair of small antennae on your
                  | head. [demonic ancestry]
   193 | D:1      | Reached XP level 2. HP: 24/24 MP: 2/2
   219 | D:1      | Found a faded altar of an unknown god.
   385 | D:1      | Reached ** piety under Trog
   407 | D:1      | Hit by a stone thrown by a kobold

Illustrated notes

Levels and vault maps discovered:
D:1:      amcnicky_arrival_blooded_trapdoor, layout_basic,
          shapermc_ecumenical_altar_starsandcircs

Skill      XL: |  1 |
---------------+----+-----
Dodging        | 2 |  2.2
Armour         | 2 |  2.2
Fighting       | |  3.3
Short Blades   | |  2.6

Action                   || total
-------------------------++-------
Melee: Short sword       ||    79
Invok: Berserk           ||     2
Armor: Animal skin       ||    31
Dodge: Dodged            ||    92

Table legend: (Time is in decaauts)
 A = Elapsed time spent in this place.
 B = Non-inter-level travel time spent in this place.
 C = Inter-level travel time spent in this place.
 D = Time resting spent in this place.
 E = Time spent auto-exploring this place.
 F = Levels seen in this place.
 G = Mean time per level.
                   A        B        C        D        E       F      G
               +--------+--------+--------+--------+--------+-----+--------+
         Total |    431 |    431 |      0 |     57 |    237 |   1 |  431.0 |
       Dungeon |    431 |    431 |      0 |     57 |    237 |   1 |  431.0 |
               +--------+--------+--------+--------+--------+-----+--------+

Top non-repeatable levels by time:
     D:1: 431 daAuts
